Avalanche vs Nordiques
Created - 7 janvier 2017 at 20:35
Goals
|
Avalanche |
1 |
1 |
1 |
3 |
Nordiques |
0 |
0 |
1 |
1 |
|
Shots
|
Avalanche |
10 |
14 |
18 |
42 |
Nordiques |
10 |
13 |
11 |
34 |
|
1st period
1. Avalanche , Alexander Radulov 7 (Paul Stastny, Andrei Kostitsyn) at 5:38
Penalties :
Mikkel Boedker (Col) for Hooking (Minor) at 5:53, Michael Ryder (Que) for Hooking (Minor) at 12:26
2nd period
2. Avalanche , Alexander Radulov 8 (Andrei Kostitsyn, Jack Johnson) at 19:02
Penalties :
No Penalty
3rd period
3. Avalanche , David Krejci 4 (Chuck Kobasew, Ryan Smyth) at 12:45
4. Nordiques , Kyle Calder 6 (Vaclav Prospal, T.J. Fast) at 13:24
Penalties :
Shane O'Brien (Col) for High sticking (Minor) at 7:57, Jean-Pierre Dumont (Que) for Holding (Minor) at 18:54
Goalie Stats
Dan Ellis (Col), 33 saves from 34 shots - (0,971), W, 7-6-3, 60:00 minutes
Martin Brodeur (Que), 39 saves from 42 shots - (0,929), L, 14-7-1, 60:00 minutes
Players Stats for Avalanche
Player Name G A P +/- PIM S H SB GA TA FO MP PP MP PK MP
------------------------------------------------------------------------------------
Alexander Radulov 2 0 2 1 0 5 0 0 0 0 0/0 19:07 1:17 0:34
Andrei Kostitsyn 0 2 2 1 0 5 4 0 1 1 0/1 19:42 1:47 0:34
Andrew Ladd 0 0 0 0 0 0 3 0 0 0 0/0 11:12 0:00 1:17
Brandon Yip 0 0 0 0 0 4 0 0 1 0 0/0 10:59 0:00 1:16
Bryan Little 0 0 0 0 0 3 3 0 1 0 15/34 17:57 1:47 0:00
Chuck Kobasew 0 1 1 1 0 5 1 0 1 0 0/0 11:57 0:00 2:08
Corey Perry 0 0 0 0 0 1 2 0 0 2 0/1 17:57 1:47 0:00
David Krejci 1 0 1 1 0 3 0 0 0 0 5/6 9:49 0:00 0:00
Jack Johnson 0 1 1 0 0 3 2 2 3 2 0/0 24:01 0:00 2:12
Jay Bouwmeester 0 0 0 1 0 0 0 0 0 2 0/0 17:19 1:34 0:18
Johnny Boychuk 0 0 0 1 0 2 2 0 0 1 0/0 17:58 1:34 0:27
Marc Staal 0 0 0 0 0 1 0 1 1 0 0/0 25:16 1:30 2:12
Mike Comrie 0 0 0 0 0 3 2 0 2 0 3/6 11:51 0:00 2:08
Mikkel Boedker 0 0 0 0 2 2 1 0 1 1 1/1 17:35 1:17 0:00
Paul Stastny 0 1 1 1 0 1 1 0 0 0 10/15 18:07 1:17 0:00
Pernell Karl Subban 0 0 0 1 0 1 2 2 0 0 0/0 19:04 1:30 1:45
Ryan Smyth 0 1 1 1 0 2 1 0 0 0 0/0 9:49 0:00 0:00
Shane O'Brien 0 0 0 1 2 1 2 1 0 1 0/0 16:20 0:00 1:01
Players Stats for Nordiques
Player Name G A P +/- PIM S H SB GA TA FO MP PP MP PK MP
------------------------------------------------------------------------------------
Chris Drury 0 0 0 -1 0 4 1 0 2 1 14/31 22:38 2:09 1:51
Dmitry Kulikov 0 0 0 -2 0 4 0 4 0 0 0/0 20:00 1:50 1:20
Dustin Byfuglien 0 0 0 -1 0 3 2 1 2 0 0/0 25:30 2:08 0:00
Fedor Tyutin 0 0 0 -1 0 0 1 5 1 1 0/0 25:30 2:08 0:00
Jarret Stoll 0 0 0 0 0 0 2 0 0 1 4/6 13:49 0:09 1:17
Jean-Pierre Dumont 0 0 0 -1 2 2 2 1 0 0 1/2 20:12 1:40 0:00
Kyle Calder 1 0 1 -1 0 3 0 0 0 0 1/1 16:10 1:40 0:25
Matt Moulson 0 0 0 0 0 2 0 0 1 1 0/0 12:32 0:09 0:00
Michael Ryder 0 0 0 0 2 2 0 0 0 1 1/1 12:59 0:09 0:00
Nikita Kucherov 0 0 0 -1 0 1 3 0 0 0 1/1 16:19 2:09 0:00
Niklas Kronwall 0 0 0 1 0 0 1 2 1 1 0/0 14:30 0:00 1:44
Nikolai Kulemin 0 0 0 0 0 0 0 0 1 0 0/0 7:24 0:00 0:00
Pascal Dupuis 0 0 0 0 0 0 2 0 0 1 2/4 9:39 0:00 1:47
R.J. Umberger 0 0 0 -1 0 4 0 2 0 0 1/1 20:47 2:09 0:00
Rich Peverley 0 0 0 0 0 2 0 0 0 0 1/4 8:40 0:00 0:48
Ryan Ellis 0 0 0 -2 0 2 1 1 0 3 0/0 20:00 1:50 1:20
T.J. Fast 0 1 1 1 0 3 1 0 1 1 0/0 14:30 0:00 1:44
Vaclav Prospal 0 1 1 -1 0 2 3 2 1 0 4/13 15:45 1:40 0:00
3 Stars
1 - Alexander Radulov (Col)
2 - Dan Ellis (Col)
3 - Andrei Kostitsyn (Col)
Power Play
Avalanche - 0 on 2 Attempt(s) - 0,00%
Nordiques - 0 on 2 Attempt(s) - 0,00%
Penalty Kill
Avalanche - 2 on 2 Attempt(s) - 100,00%
- Score 0 goal in Penalty Kill
Nordiques - 2 on 2 Attempt(s) - 100,00%
- Score 0 goal in Penalty Kill
Team Stat
Avalanche - Hits : 26 - Faceoff Wins : 34 - Blocked Shots : 6 - Penalty Minutes : 4
Nordiques - Hits : 19 - Faceoff Wins : 30 - Blocked Shots : 18 - Penalty Minutes : 4
Official
Referees : McCauley Wes and Rehman Kyle
Linesman : Brad Lazarowich and Vaughan Rody
Game Notes
No Game Note
Finance
Level 1 -- Attendance: 4418 (73,63%) -- Ticket Income 441 800 $
Level 2 -- Attendance: 3740 (74,80%) -- Ticket Income 224 400 $
Level 3 -- Attendance: 1202 (60,10%) -- Ticket Income 49 282 $
Level 4 -- Attendance: 2451 (61,28%) -- Ticket Income 73 530 $
Luxury Box -- Attendance: 909 (90,90%) -- Ticket Income 145 440 $
Game was played at the Centre Videotron.
Total Attendance: 12720 (70,67%)
Total Ticket Income: 934 452 $
Other Income: 140 168 $
Total Income: 1 074 620 $
Avalanche
5 vs 5 Forward
Center Left Wing Right Wing Time % Phy DF OF
1 Bryan Little Mikkel Boedker Corey Perry 35 1 2 2
2 Paul Stastny Andrei Kostitsyn Alexander Radulov 35 1 2 2
3 Mike Comrie Andrew Ladd Brandon Yip 15 1 2 2
4 David Krejci Ryan Smyth Chuck Kobasew 15 1 2 2
5 vs 5 Defense
Defense Defense Time % Phy DF OF
1 Marc Staal Jack Johnson 40 1 2 2
2 Shane O'Brien Jay Bouwmeester 30 1 2 2
3 Pernell Karl Subban Johnny Boychuk 30 1 2 2
4 Marc Staal Jack Johnson 0 1 2 2
PowerPlay Forward
Center Left Wing Right Wing Time % Phy DF OF
1 Bryan Little Andrei Kostitsyn Corey Perry 60 1 2 2
2 Paul Stastny Mikkel Boedker Alexander Radulov 40 1 2 2
PowerPlay Defense
Defense Defense Time % Phy DF OF
1 Jay Bouwmeester Johnny Boychuk 60 1 2 2
2 Marc Staal Pernell Karl Subban 40 1 2 2
Penalty Kill 4 Players Forward
Center Wing Time % Phy DF OF
1 Mike Comrie Chuck Kobasew 60 1 2 2
2 Brandon Yip Andrew Ladd 40 1 2 2
Penalty Kill 4 Players Defense
Defense Defense Time % Phy DF OF
1 Marc Staal Jack Johnson 60 1 2 2
2 Pernell Karl Subban Shane O'Brien 40 1 2 2
Penalty Kill - 3 Players Forward
Forward Time % Phy DF OF
1 Mike Comrie 60 1 2 2
2 Chuck Kobasew 40 1 2 2
Penalty Kill - 3 Players Defense
Defense Defense Time % Phy DF OF
1 Pernell Karl Subban Marc Staal 60 1 2 2
2 Shane O'Brien Jack Johnson 40 1 2 2
4 vs 4 Forward
Center Wing Time % Phy DF OF
1 Corey Perry Andrei Kostitsyn 60 1 2 2
2 Mikkel Boedker Bryan Little 40 1 2 2
4 vs 4 Defense
Defense Defense Time % Phy DF OF
1 Marc Staal Jack Johnson 60 1 2 2
2 Shane O'Brien Jay Bouwmeester 40 1 2 2
Last Minutes Offensive
Center Left Wing Right Wing Defense Defense
Bryan Little Andrei Kostitsyn Corey Perry Marc Staal Jack Johnson
Last Minutes Defensive
Center Left Wing Right Wing Defense Defense
Mike Comrie Mikkel Boedker Chuck Kobasew Marc Staal Jack Johnson
Goaltenders
Starting : Dan Ellis
Backup : Semyon Varlamov
Extra Forwards
Normal : Corey Perry, Paul Stastny, Alexander Radulov - PP : Corey Perry, Paul Stastny - PK : Alexander Radulov
Extra Defensemen
Normal : Pernell Karl Subban, Marc Staal, Shane O'Brien - PP : Pernell Karl Subban - PK : Jack Johnson, Shane O'Brien
Penalty Shots
Corey Perry, Andrei Kostitsyn, Mikkel Boedker, Bryan Little, Mike Comrie
Nordiques
5 vs 5 Forward
Center Left Wing Right Wing Time % Phy DF OF
1 Chris Drury R.J. Umberger Jean-Pierre Dumont 40 0 0 5
2 Vaclav Prospal Kyle Calder Nikita Kucherov 30 0 0 5
3 Jarret Stoll Matt Moulson Michael Ryder 20 0 0 5
4 Rich Peverley Nikolai Kulemin Pascal Dupuis 10 0 0 5
5 vs 5 Defense
Defense Defense Time % Phy DF OF
1 Fedor Tyutin Dustin Byfuglien 40 1 1 3
2 Ryan Ellis Dmitry Kulikov 30 1 1 3
3 T.J. Fast Niklas Kronwall 20 1 3 1
4 Fedor Tyutin Dustin Byfuglien 10 1 1 3
PowerPlay Forward
Center Left Wing Right Wing Time % Phy DF OF
1 Chris Drury R.J. Umberger Nikita Kucherov 60 0 0 5
2 Vaclav Prospal Kyle Calder Jean-Pierre Dumont 40 0 0 5
PowerPlay Defense
Defense Defense Time % Phy DF OF
1 Fedor Tyutin Dustin Byfuglien 60 1 0 4
2 Ryan Ellis Dmitry Kulikov 40 1 0 4
Penalty Kill 4 Players Forward
Center Wing Time % Phy DF OF
1 Pascal Dupuis Chris Drury 60 1 3 1
2 Jarret Stoll Rich Peverley 40 1 3 1
Penalty Kill 4 Players Defense
Defense Defense Time % Phy DF OF
1 T.J. Fast Niklas Kronwall 60 2 3 0
2 Ryan Ellis Dmitry Kulikov 40 2 3 0
Penalty Kill - 3 Players Forward
Forward Time % Phy DF OF
1 Pascal Dupuis 60 1 4 0
2 Jarret Stoll 40 2 3 0
Penalty Kill - 3 Players Defense
Defense Defense Time % Phy DF OF
1 T.J. Fast Niklas Kronwall 60 1 4 0
2 Dustin Byfuglien Dmitry Kulikov 40 1 4 0
4 vs 4 Forward
Center Wing Time % Phy DF OF
1 Chris Drury Jean-Pierre Dumont 60 1 1 3
2 Vaclav Prospal Nikita Kucherov 40 1 1 3
4 vs 4 Defense
Defense Defense Time % Phy DF OF
1 Ryan Ellis Dmitry Kulikov 60 1 3 1
2 Fedor Tyutin Dustin Byfuglien 40 1 3 1
Last Minutes Offensive
Center Left Wing Right Wing Defense Defense
Chris Drury R.J. Umberger Nikita Kucherov Ryan Ellis Dmitry Kulikov
Last Minutes Defensive
Center Left Wing Right Wing Defense Defense
Pascal Dupuis Rich Peverley Vaclav Prospal T.J. Fast Niklas Kronwall
Goaltenders
Starting : Martin Brodeur
Backup : Julien Ellis
Extra Forwards
Normal : Chris Drury, Nikita Kucherov, R.J. Umberger - PP : Chris Drury, Jean-Pierre Dumont - PK : Rich Peverley
Extra Defensemen
Normal : Fedor Tyutin, Ryan Ellis, Dustin Byfuglien - PP : Fedor Tyutin - PK : Dmitry Kulikov, T.J. Fast
Penalty Shots
R.J. Umberger, Chris Drury, Vaclav Prospal, Jean-Pierre Dumont, Kyle Calder
% Time on Ice - Avalanche
Lines # - Real PCT - Wanted PCT - Time Play
Normal Forward
1 - 31% - 35% - 16:36
2 - 32% - 35% - 16:50
3 - 18% - 15% - 9:43
4 - 19% - 15% - 9:49
Normal Defense
1 - 40% - 40% - 21:26
2 - 30% - 30% - 15:47
3 - 30% - 30% - 15:45
4 - 0% - 0% - 0:00
PP Forward
1 - 58% - 60% - 1:47
2 - 42% - 40% - 1:17
PP Defense
1 - 51% - 60% - 1:34
2 - 49% - 40% - 1:30
PK Forward
1 - 68% - 60% - 2:42
2 - 32% - 40% - 1:16
PK Defense
1 - 55% - 60% - 2:12
2 - 45% - 40% - 1:46
PK3 Forward
1 - 0% - 60%
2 - 0% - 40%
PK3 Defense
1 - 0% - 60%
2 - 0% - 40%
44 Forward
1 - 0% - 60%
2 - 0% - 40%
44 Defense
1 - 0% - 60%
2 - 0% - 40%
Last Minute Offensive - 0:00
Last Minute Defensive - 0:00
Total
Forward - 60:00
Defense - 60:00
|
% Time on Ice - Nordiques
Lines # - Real PCT - Wanted PCT - Time Play
Normal Forward
1 - 37% - 40% - 19:20
2 - 27% - 30% - 14:05
3 - 23% - 20% - 12:09
4 - 14% - 10% - 7:24
Normal Defense
1 - 40% - 40% - 21:11
2 - 32% - 30% - 16:50
3 - 22% - 20% - 11:40
4 - 6% - 10% - 3:17
PP Forward
1 - 58% - 60% - 2:18
2 - 42% - 40% - 1:40
PP Defense
1 - 54% - 60% - 2:08
2 - 46% - 40% - 1:50
PK Forward
1 - 76% - 60% - 2:20
2 - 24% - 40% - 0:44
PK Defense
1 - 57% - 60% - 1:44
2 - 43% - 40% - 1:20
PK3 Forward
1 - 0% - 60%
2 - 0% - 40%
PK3 Defense
1 - 0% - 60%
2 - 0% - 40%
44 Forward
1 - 0% - 60%
2 - 0% - 40%
44 Defense
1 - 0% - 60%
2 - 0% - 40%
Last Minute Offensive - 0:00
Last Minute Defensive - 0:00
Total
Forward - 60:00
Defense - 60:00
|
Play by Play
1st period
0:01 of 1st period - R.J. Umberger wins face-off versus Bryan Little in neutral zone.
0:09 of 1st period - Fedor Tyutin is hit by Mikkel Boedker and loses puck.
0:33 of 1st period - Wrist shot by Vaclav Prospal.
0:33 of 1st period - Deflect By Kyle Calder.
0:33 of 1st period - Stopped by Dan Ellis with a rebound.
0:35 of 1st period - Snap shot by Vaclav Prospal.
0:35 of 1st period - Shot Misses the Net.
0:37 of 1st period - Slapshot by Dmitry Kulikov.
0:37 of 1st period - Stopped by Dan Ellis without a rebound.
0:38 of 1st period - Mike Comrie wins face-off versus Jarret Stoll in Avalanche zone.
0:38 of 1st period - Mike Comrie is hit by Jarret Stoll.
1:50 of 1st period - Snap shot by Mikkel Boedker.
1:50 of 1st period - Shot Misses the Net.
2:55 of 1st period - Wrist shot by Alexander Radulov.
2:55 of 1st period - Stopped by Martin Brodeur with a rebound.
3:15 of 1st period - Slapshot by Johnny Boychuk.
3:15 of 1st period - Deflect By Mikkel Boedker.
3:15 of 1st period - Stopped by Martin Brodeur with a rebound.
3:41 of 1st period - Off-side.
3:42 of 1st period - Chris Drury wins face-off versus Bryan Little in neutral zone.
3:55 of 1st period - Snap shot by Chris Drury.
3:55 of 1st period - Stopped by Dan Ellis without a rebound.
3:56 of 1st period - Vaclav Prospal wins face-off versus Paul Stastny in Avalanche zone.
3:57 of 1st period - Snap shot by Nikita Kucherov.
3:57 of 1st period - Stopped by Dan Ellis with a rebound.
3:59 of 1st period - Snap shot by Vaclav Prospal.
3:59 of 1st period - Shot Misses the Net.
4:01 of 1st period - Slapshot by T.J. Fast.
4:01 of 1st period - Stopped by Dan Ellis with a rebound.
4:03 of 1st period - Slapshot by Vaclav Prospal.
4:03 of 1st period - Stopped by Dan Ellis with a rebound.
4:05 of 1st period - Slapshot by Niklas Kronwall.
4:05 of 1st period - Shot Misses the Net.
4:21 of 1st period - Niklas Kronwall is hit by Bryan Little and loses puck.
5:11 of 1st period - Andrew Ladd is hit by Pascal Dupuis and loses puck.
5:38 of 1st period - Snap shot by Alexander Radulov.
5:38 of 1st period - Goal by Alexander Radulov - Avalanche : 1 - Nordiques : 0.
5:39 of 1st period - Chris Drury wins face-off versus Bryan Little in neutral zone.
5:53 of 1st period - Minor Penalty to Mikkel Boedker for Hooking.
5:54 of 1st period - Nikita Kucherov wins face-off versus Mike Comrie in Avalanche zone.
7:11 of 1st period - Vaclav Prospal is hit by Chuck Kobasew and loses puck.
7:24 of 1st period - Shane O'Brien is hit by Chris Drury and loses puck.
7:53 of 1st period - Penalty to Mikkel Boedker is over, Mikkel Boedker is back on ice.
8:02 of 1st period - Slapshot by Jack Johnson.
8:02 of 1st period - Shot Misses the Net.
8:04 of 1st period - Snap shot by Alexander Radulov.
8:04 of 1st period - Shot Misses the Net.
8:06 of 1st period - Backhand shot by Jack Johnson.
8:06 of 1st period - Stopped by Martin Brodeur without a rebound.
8:07 of 1st period - Rich Peverley wins face-off versus Bryan Little in Nordiques zone.
8:41 of 1st period - Wrist shot by Rich Peverley.
8:41 of 1st period - Deflect By Pernell Karl Subban.
8:41 of 1st period - Stopped by Dan Ellis without a rebound.
8:42 of 1st period - Paul Stastny wins face-off versus Vaclav Prospal in Avalanche zone.
8:49 of 1st period - Wrist shot by Nikita Kucherov.
8:49 of 1st period - Shot Misses the Net.
8:51 of 1st period - Slapshot by Dustin Byfuglien.
8:51 of 1st period - Deflect By Marc Staal.
8:51 of 1st period - Stopped by Dan Ellis without a rebound.
8:52 of 1st period - Paul Stastny wins face-off versus Vaclav Prospal in Avalanche zone.
9:21 of 1st period - Slapshot by Jack Johnson.
9:21 of 1st period - Stopped by Martin Brodeur without a rebound.
9:22 of 1st period - Chris Drury wins face-off versus Bryan Little in Nordiques zone.
10:40 of 1st period - Icing by Chuck Kobasew.
10:41 of 1st period - David Krejci wins face-off versus Jarret Stoll in Avalanche zone.
11:10 of 1st period - Wrist shot by Corey Perry.
11:10 of 1st period - Shot Misses the Net.
11:14 of 1st period - Wrist shot by Bryan Little.
11:14 of 1st period - Shot Blocked by Niklas Kronwall.
11:36 of 1st period - Snap shot by Alexander Radulov.
11:36 of 1st period - Shot Blocked by Vaclav Prospal.
11:38 of 1st period - Slapshot by Johnny Boychuk.
11:38 of 1st period - Stopped by Martin Brodeur with a rebound.
11:48 of 1st period - Snap shot by Chris Drury.
11:48 of 1st period - Shot Misses the Net.
11:50 of 1st period - Snap shot by Jean-Pierre Dumont.
11:50 of 1st period - Shot Misses the Net.
12:26 of 1st period - Minor Penalty to Michael Ryder for Hooking.
12:27 of 1st period - Pascal Dupuis wins face-off versus Bryan Little in Nordiques zone.
12:31 of 1st period - Off-side.
12:32 of 1st period - Pascal Dupuis wins face-off versus Bryan Little in neutral zone.
12:39 of 1st period - Slapshot by Chris Drury.
12:39 of 1st period - Stopped by Dan Ellis without a rebound.
12:40 of 1st period - Bryan Little wins face-off versus Pascal Dupuis in Avalanche zone.
14:26 of 1st period - Penalty to Michael Ryder is over, Michael Ryder is back on ice.
14:39 of 1st period - Snap shot by Chuck Kobasew.
14:39 of 1st period - Stopped by Martin Brodeur with a rebound.
14:41 of 1st period - Slapshot by Chuck Kobasew.
14:41 of 1st period - Shot Misses the Net.
14:43 of 1st period - Snap shot by Chuck Kobasew.
14:43 of 1st period - Stopped by Martin Brodeur with a rebound.
14:59 of 1st period - Snap shot by Kyle Calder.
14:59 of 1st period - Shot Misses the Net.
15:05 of 1st period - Kyle Calder is hit by Mike Comrie and loses puck.
15:20 of 1st period - T.J. Fast is hit by Shane O'Brien and loses puck.
16:15 of 1st period - Ryan Ellis is hit by Paul Stastny and loses puck.
16:54 of 1st period - Mike Comrie is hit by Nikita Kucherov and loses puck.
17:26 of 1st period - Paul Stastny is hit by Vaclav Prospal and loses puck.
17:49 of 1st period - Jay Bouwmeester is hit by Jean-Pierre Dumont and loses puck.
18:06 of 1st period - Slapshot by Mike Comrie.
18:06 of 1st period - Shot Misses the Net.
18:38 of 1st period - Paul Stastny is hit by Fedor Tyutin and loses puck.
18:45 of 1st period - Dustin Byfuglien is hit by Andrei Kostitsyn and loses puck.
18:56 of 1st period - Ryan Smyth is hit by Pascal Dupuis and loses puck.
19:03 of 1st period - Fedor Tyutin is hit by Johnny Boychuk and loses puck.
19:41 of 1st period - Wrist shot by Matt Moulson.
19:41 of 1st period - Stopped by Dan Ellis without a rebound.
19:42 of 1st period - Chris Drury wins face-off versus Paul Stastny in Avalanche zone.
19:54 of 1st period - Snap shot by Paul Stastny.
19:54 of 1st period - Stopped by Martin Brodeur with a rebound.
19:56 of 1st period - Wrist shot by Andrei Kostitsyn.
19:56 of 1st period - Stopped by Martin Brodeur without a rebound.
19:57 of 1st period - Bryan Little wins face-off versus Vaclav Prospal in Nordiques zone.
19:58 of 1st period - Snap shot by Corey Perry.
19:58 of 1st period - Deflect By Ryan Ellis.
19:58 of 1st period - Shot Blocked by Vaclav Prospal.
19:58 of 1st period - Puck is out of play.
19:59 of 1st period - Mikkel Boedker wins face-off versus Vaclav Prospal in Nordiques zone.
Goals for this period are 1 for Avalanche vs 0 for Nordiques.
Shots for this period are 10 for Avalanche vs 10 for Nordiques.
2nd period
0:01 of 2nd period - Chris Drury wins face-off versus Paul Stastny in neutral zone.
0:37 of 2nd period - Snap shot by Vaclav Prospal.
0:37 of 2nd period - Stopped by Dan Ellis with a rebound.
0:57 of 2nd period - Wrist shot by Andrew Ladd.
0:57 of 2nd period - Shot Misses the Net.
1:57 of 2nd period - Wrist shot by Bryan Little.
1:57 of 2nd period - Shot Blocked by Dmitry Kulikov.
1:59 of 2nd period - Slapshot by Johnny Boychuk.
1:59 of 2nd period - Deflect By Bryan Little.
1:59 of 2nd period - Shot Blocked by Dmitry Kulikov.
1:59 of 2nd period - Puck is out of play.
2:00 of 2nd period - Paul Stastny wins face-off versus Chris Drury in Nordiques zone.
2:01 of 2nd period - Snap shot by Andrei Kostitsyn.
2:01 of 2nd period - Shot Blocked by Jean-Pierre Dumont.
2:09 of 2nd period - Slapshot by Andrei Kostitsyn.
2:09 of 2nd period - Shot Blocked by Dmitry Kulikov.
2:25 of 2nd period - Alexander Radulov is hit by Jarret Stoll.
2:49 of 2nd period - Dmitry Kulikov is hit by Shane O'Brien and loses puck.
2:58 of 2nd period - Slapshot by Ryan Ellis.
2:58 of 2nd period - Stopped by Dan Ellis with a rebound.
3:00 of 2nd period - Slapshot by T.J. Fast.
3:00 of 2nd period - Stopped by Dan Ellis with a rebound.
3:06 of 2nd period - Slapshot by Matt Moulson.
3:06 of 2nd period - Stopped by Dan Ellis without a rebound.
3:07 of 2nd period - Chris Drury wins face-off versus Bryan Little in Avalanche zone.
3:34 of 2nd period - Vaclav Prospal is hit by Andrew Ladd and loses puck.
4:17 of 2nd period - Snap shot by Bryan Little.
4:17 of 2nd period - Shot Misses the Net.
4:19 of 2nd period - Slapshot by Bryan Little.
4:19 of 2nd period - Stopped by Martin Brodeur without a rebound.
4:20 of 2nd period - Chris Drury wins face-off versus Bryan Little in Nordiques zone.
4:20 of 2nd period - Chris Drury is hit by Jack Johnson.
4:28 of 2nd period - Snap shot by Jean-Pierre Dumont.
4:28 of 2nd period - Shot Misses the Net.
4:36 of 2nd period - Snap shot by Jean-Pierre Dumont.
4:36 of 2nd period - Stopped by Dan Ellis with a rebound.
4:38 of 2nd period - Wrist shot by R.J. Umberger.
4:38 of 2nd period - Stopped by Dan Ellis with a rebound.
5:00 of 2nd period - Snap shot by R.J. Umberger.
5:00 of 2nd period - Shot Misses the Net.
5:02 of 2nd period - Wrist shot by Jean-Pierre Dumont.
5:02 of 2nd period - Stopped by Dan Ellis with a rebound.
5:04 of 2nd period - Slapshot by T.J. Fast.
5:04 of 2nd period - Deflect By Chris Drury.
5:04 of 2nd period - Shot Blocked by Marc Staal.
5:04 of 2nd period - Puck is out of play.
5:05 of 2nd period - Vaclav Prospal wins face-off versus Andrei Kostitsyn in Avalanche zone.
5:06 of 2nd period - Slapshot by Kyle Calder.
5:06 of 2nd period - Shot Misses the Net.
5:08 of 2nd period - Snap shot by Dmitry Kulikov.
5:08 of 2nd period - Shot Misses the Net.
5:10 of 2nd period - Slapshot by Dmitry Kulikov.
5:10 of 2nd period - Shot Blocked by Pernell Karl Subban.
5:12 of 2nd period - Slapshot by Dmitry Kulikov.
5:12 of 2nd period - Stopped by Dan Ellis with a rebound.
5:32 of 2nd period - Michael Ryder is hit by Pernell Karl Subban and loses puck.
5:37 of 2nd period - Snap shot by Brandon Yip.
5:37 of 2nd period - Stopped by Martin Brodeur with a rebound.
5:53 of 2nd period - Backhand shot by Dmitry Kulikov.
5:53 of 2nd period - Stopped by Dan Ellis without a rebound.
5:54 of 2nd period - David Krejci wins face-off versus Rich Peverley in Avalanche zone.
7:04 of 2nd period - Snap shot by Mike Comrie.
7:04 of 2nd period - Shot Blocked by Fedor Tyutin.
7:06 of 2nd period - Snap shot by Andrew Ladd.
7:06 of 2nd period - Shot Blocked by Fedor Tyutin.
7:08 of 2nd period - Wrist shot by Mike Comrie.
7:08 of 2nd period - Stopped by Martin Brodeur without a rebound.
7:09 of 2nd period - Paul Stastny wins face-off versus Chris Drury in Nordiques zone.
8:17 of 2nd period - Brandon Yip is hit by Ryan Ellis and loses puck.
8:26 of 2nd period - Jarret Stoll is hit by Andrew Ladd and loses puck.
8:37 of 2nd period - Slapshot by Paul Stastny.
8:37 of 2nd period - Deflect By Alexander Radulov.
8:37 of 2nd period - Stopped by Martin Brodeur without a rebound.
8:38 of 2nd period - Jean-Pierre Dumont wins face-off versus Paul Stastny in Nordiques zone.
9:03 of 2nd period - Dustin Byfuglien is hit by Pernell Karl Subban and loses puck.
9:23 of 2nd period - Icing by Fedor Tyutin.
9:24 of 2nd period - Bryan Little wins face-off versus Vaclav Prospal in Nordiques zone.
9:25 of 2nd period - Slapshot by Mikkel Boedker.
9:25 of 2nd period - Stopped by Martin Brodeur without a rebound.
9:26 of 2nd period - Kyle Calder wins face-off versus Bryan Little in Nordiques zone.
9:35 of 2nd period - Snap shot by Vaclav Prospal.
9:35 of 2nd period - Shot Misses the Net.
9:53 of 2nd period - Paul Stastny is hit by Niklas Kronwall and loses puck.
10:15 of 2nd period - Icing by Paul Stastny.
10:16 of 2nd period - Chris Drury wins face-off versus Mike Comrie in Avalanche zone.
10:31 of 2nd period - Wrist shot by Andrew Ladd.
10:31 of 2nd period - Deflect By Brandon Yip.
10:31 of 2nd period - Shot Misses the Net.
10:31 of 2nd period - Puck is out of play.
10:32 of 2nd period - Vaclav Prospal wins face-off versus Bryan Little in Nordiques zone.
10:32 of 2nd period - Vaclav Prospal is hit by Corey Perry.
10:40 of 2nd period - Corey Perry is hit by Vaclav Prospal and loses puck.
10:57 of 2nd period - Marc Staal is hit by Dustin Byfuglien and loses puck.
11:38 of 2nd period - Kyle Calder is hit by Bryan Little and loses puck.
12:32 of 2nd period - Wrist shot by Andrei Kostitsyn.
12:32 of 2nd period - Shot Blocked by Dustin Byfuglien.
12:48 of 2nd period - Slapshot by Mikkel Boedker.
12:48 of 2nd period - Shot Misses the Net.
12:50 of 2nd period - Slapshot by Shane O'Brien.
12:50 of 2nd period - Stopped by Martin Brodeur without a rebound.
12:51 of 2nd period - Vaclav Prospal wins face-off versus Bryan Little in Nordiques zone.
14:00 of 2nd period - Pascal Dupuis is hit by Mike Comrie and loses puck.
14:05 of 2nd period - Wrist shot by Brandon Yip.
14:05 of 2nd period - Shot Misses the Net.
14:07 of 2nd period - Snap shot by Mike Comrie.
14:07 of 2nd period - Stopped by Martin Brodeur without a rebound.
14:08 of 2nd period - Bryan Little wins face-off versus Chris Drury in Nordiques zone.
14:09 of 2nd period - Slapshot by Corey Perry.
14:09 of 2nd period - Shot Blocked by R.J. Umberger.
14:15 of 2nd period - Wrist shot by Chris Drury.
14:15 of 2nd period - Shot Misses the Net.
14:17 of 2nd period - Slapshot by T.J. Fast.
14:17 of 2nd period - Deflect By Bryan Little.
14:17 of 2nd period - Stopped by Dan Ellis with a rebound.
14:19 of 2nd period - Wrist shot by R.J. Umberger.
14:19 of 2nd period - Stopped by Dan Ellis with a rebound.
14:43 of 2nd period - Snap shot by Jarret Stoll.
14:43 of 2nd period - Shot Misses the Net.
14:45 of 2nd period - Slapshot by Dmitry Kulikov.
14:45 of 2nd period - Stopped by Dan Ellis with a rebound.
15:43 of 2nd period - Wrist shot by Mike Comrie.
15:43 of 2nd period - Stopped by Martin Brodeur without a rebound.
15:44 of 2nd period - Mike Comrie wins face-off versus Rich Peverley in Nordiques zone.
15:55 of 2nd period - Slapshot by Brandon Yip.
15:55 of 2nd period - Stopped by Martin Brodeur with a rebound.
15:57 of 2nd period - Slapshot by Johnny Boychuk.
15:57 of 2nd period - Stopped by Martin Brodeur without a rebound.
15:58 of 2nd period - Paul Stastny wins face-off versus Chris Drury in Nordiques zone.
16:01 of 2nd period - Wrist shot by Andrei Kostitsyn.
16:01 of 2nd period - Shot Blocked by Fedor Tyutin.
16:38 of 2nd period - Niklas Kronwall is hit by Corey Perry and loses puck.
16:51 of 2nd period - David Krejci is hit by T.J. Fast and loses puck.
17:22 of 2nd period - Wrist shot by Chuck Kobasew.
17:22 of 2nd period - Stopped by Martin Brodeur with a rebound.
17:45 of 2nd period - Wrist shot by Kyle Calder.
17:45 of 2nd period - Stopped by Dan Ellis without a rebound.
17:46 of 2nd period - Paul Stastny wins face-off versus Vaclav Prospal in Avalanche zone.
17:55 of 2nd period - Snap shot by Vaclav Prospal.
17:55 of 2nd period - Shot Misses the Net.
19:00 of 2nd period - Snap shot by Andrei Kostitsyn.
19:00 of 2nd period - Shot Misses the Net.
19:02 of 2nd period - Slapshot by Alexander Radulov.
19:02 of 2nd period - Goal by Alexander Radulov - Avalanche : 2 - Nordiques : 0.
19:03 of 2nd period - Bryan Little wins face-off versus Chris Drury in neutral zone.
19:08 of 2nd period - Wrist shot by Bryan Little.
19:08 of 2nd period - Stopped by Martin Brodeur with a rebound.
19:28 of 2nd period - Johnny Boychuk is hit by Nikita Kucherov and loses puck.
19:55 of 2nd period - Snap shot by Brandon Yip.
19:55 of 2nd period - Stopped by Martin Brodeur without a rebound.
19:56 of 2nd period - Chris Drury wins face-off versus Bryan Little in Nordiques zone.
Goals for this period are 1 for Avalanche vs 0 for Nordiques.
Shots for this period are 14 for Avalanche vs 13 for Nordiques.
3rd period
0:01 of 3rd period - Chris Drury wins face-off versus Bryan Little in neutral zone.
0:08 of 3rd period - Wrist shot by Bryan Little.
0:08 of 3rd period - Shot Misses the Net.
0:10 of 3rd period - Wrist shot by Marc Staal.
0:10 of 3rd period - Stopped by Martin Brodeur without a rebound.
0:11 of 3rd period - Paul Stastny wins face-off versus Chris Drury in Nordiques zone.
0:24 of 3rd period - Snap shot by Alexander Radulov.
0:24 of 3rd period - Shot Blocked by Fedor Tyutin.
1:02 of 3rd period - Slapshot by Nikolai Kulemin.
1:02 of 3rd period - Shot Blocked by Jack Johnson.
1:10 of 3rd period - Snap shot by Rich Peverley.
1:10 of 3rd period - Shot Misses the Net.
1:12 of 3rd period - Backhand shot by Rich Peverley.
1:12 of 3rd period - Shot Misses the Net.
2:02 of 3rd period - Backhand shot by Dustin Byfuglien.
2:02 of 3rd period - Stopped by Dan Ellis with a rebound.
2:49 of 3rd period - Slapshot by David Krejci.
2:49 of 3rd period - Stopped by Martin Brodeur without a rebound.
2:50 of 3rd period - Jarret Stoll wins face-off versus David Krejci in Nordiques zone.
3:01 of 3rd period - Snap shot by Ryan Smyth.
3:01 of 3rd period - Stopped by Martin Brodeur without a rebound.
3:02 of 3rd period - Bryan Little wins face-off versus Chris Drury in Nordiques zone.
3:29 of 3rd period - Chris Drury is hit by Andrew Ladd.
3:52 of 3rd period - Wrist shot by R.J. Umberger.
3:52 of 3rd period - Deflect By Chris Drury.
3:52 of 3rd period - Shot Blocked by Shane O'Brien.
3:52 of 3rd period - Puck is out of play.
3:53 of 3rd period - Paul Stastny wins face-off versus Vaclav Prospal in Avalanche zone.
4:00 of 3rd period - Fedor Tyutin is hit by Andrei Kostitsyn and loses puck.
4:42 of 3rd period - Snap shot by Alexander Radulov.
4:42 of 3rd period - Stopped by Martin Brodeur with a rebound.
4:44 of 3rd period - Wrist shot by Andrei Kostitsyn.
4:44 of 3rd period - Stopped by Martin Brodeur with a rebound.
4:46 of 3rd period - Wrist shot by Alexander Radulov.
4:46 of 3rd period - Shot Misses the Net.
5:02 of 3rd period - Snap shot by Andrei Kostitsyn.
5:02 of 3rd period - Stopped by Martin Brodeur without a rebound.
5:03 of 3rd period - Bryan Little wins face-off versus Chris Drury in Nordiques zone.
5:12 of 3rd period - Wrist shot by Bryan Little.
5:12 of 3rd period - Deflect By Corey Perry.
5:12 of 3rd period - Shot Misses the Net.
5:12 of 3rd period - Puck is out of play.
5:13 of 3rd period - Bryan Little wins face-off versus Chris Drury in Nordiques zone.
5:16 of 3rd period - Snap shot by Bryan Little.
5:16 of 3rd period - Deflect By R.J. Umberger.
5:16 of 3rd period - Shot Misses the Net.
5:16 of 3rd period - Puck is out of play.
5:17 of 3rd period - Chris Drury wins face-off versus Bryan Little in Nordiques zone.
5:25 of 3rd period - Snap shot by Dmitry Kulikov.
5:25 of 3rd period - Shot Misses the Net.
5:27 of 3rd period - Snap shot by R.J. Umberger.
5:27 of 3rd period - Stopped by Dan Ellis with a rebound.
5:29 of 3rd period - Slapshot by Ryan Ellis.
5:29 of 3rd period - Deflect By Chris Drury.
5:29 of 3rd period - Shot Misses the Net.
5:29 of 3rd period - Puck is out of play.
5:30 of 3rd period - Bryan Little wins face-off versus Chris Drury in Avalanche zone.
5:35 of 3rd period - Snap shot by Mikkel Boedker.
5:35 of 3rd period - Shot Misses the Net.
7:57 of 3rd period - Minor Penalty to Shane O'Brien for High sticking.
7:58 of 3rd period - Mike Comrie wins face-off versus Chris Drury in Avalanche zone.
8:09 of 3rd period - Mike Comrie is hit by Nikita Kucherov and loses puck.
9:11 of 3rd period - Mike Comrie is hit by Dustin Byfuglien.
9:57 of 3rd period - Penalty to Shane O'Brien is over, Shane O'Brien is back on ice.
10:08 of 3rd period - Snap shot by Michael Ryder.
10:08 of 3rd period - Stopped by Dan Ellis without a rebound.
10:09 of 3rd period - Michael Ryder wins face-off versus Bryan Little in Avalanche zone.
10:26 of 3rd period - Icing by Matt Moulson.
10:27 of 3rd period - Jarret Stoll wins face-off versus Paul Stastny in Nordiques zone.
10:27 of 3rd period - Jarret Stoll is hit by Jack Johnson.
10:49 of 3rd period - Snap shot by Michael Ryder.
10:49 of 3rd period - Stopped by Dan Ellis without a rebound.
10:50 of 3rd period - Bryan Little wins face-off versus Chris Drury in Avalanche zone.
11:18 of 3rd period - Vaclav Prospal is hit by Andrei Kostitsyn and loses puck.
11:59 of 3rd period - Wrist shot by Rich Peverley.
11:59 of 3rd period - Stopped by Dan Ellis without a rebound.
12:00 of 3rd period - David Krejci wins face-off versus Rich Peverley in Avalanche zone.
12:32 of 3rd period - Vaclav Prospal is hit by Ryan Smyth and loses puck.
12:43 of 3rd period - Snap shot by David Krejci.
12:43 of 3rd period - Stopped by Martin Brodeur with a rebound.
12:45 of 3rd period - Wrist shot by David Krejci.
12:45 of 3rd period - Goal by David Krejci - Avalanche : 3 - Nordiques : 0.
12:46 of 3rd period - Bryan Little wins face-off versus Chris Drury in neutral zone.
12:55 of 3rd period - Snap shot by Jean-Pierre Dumont.
12:55 of 3rd period - Shot Misses the Net.
13:14 of 3rd period - Snap shot by Kyle Calder.
13:14 of 3rd period - Shot Blocked by Jack Johnson.
13:24 of 3rd period - Wrist shot by Kyle Calder.
13:24 of 3rd period - Goal by Kyle Calder - Avalanche : 3 - Nordiques : 1.
13:25 of 3rd period - Chris Drury wins face-off versus Bryan Little in neutral zone.
13:32 of 3rd period - Wrist shot by Chris Drury.
13:32 of 3rd period - Stopped by Dan Ellis without a rebound.
13:33 of 3rd period - Bryan Little wins face-off versus Chris Drury in Avalanche zone.
14:06 of 3rd period - Snap shot by Bryan Little.
14:06 of 3rd period - Stopped by Martin Brodeur without a rebound.
14:07 of 3rd period - Paul Stastny wins face-off versus Vaclav Prospal in Nordiques zone.
14:10 of 3rd period - Snap shot by Andrei Kostitsyn.
14:10 of 3rd period - Stopped by Martin Brodeur without a rebound.
14:11 of 3rd period - Paul Stastny wins face-off versus Vaclav Prospal in Nordiques zone.
14:12 of 3rd period - Slapshot by Andrei Kostitsyn.
14:12 of 3rd period - Shot Misses the Net.
14:39 of 3rd period - Snap shot by Ryan Ellis.
14:39 of 3rd period - Stopped by Dan Ellis with a rebound.
14:47 of 3rd period - Johnny Boychuk is hit by Vaclav Prospal and loses puck.
14:54 of 3rd period - Snap shot by Alexander Radulov.
14:54 of 3rd period - Shot Blocked by Dmitry Kulikov.
14:56 of 3rd period - Slapshot by Pernell Karl Subban.
14:56 of 3rd period - Deflect By Dmitry Kulikov.
14:56 of 3rd period - Stopped by Martin Brodeur without a rebound.
14:57 of 3rd period - Bryan Little wins face-off versus Jean-Pierre Dumont in Nordiques zone.
14:58 of 3rd period - Slapshot by Corey Perry.
14:58 of 3rd period - Shot Misses the Net.
15:04 of 3rd period - Snap shot by Chris Drury.
15:04 of 3rd period - Stopped by Dan Ellis without a rebound.
15:05 of 3rd period - Chris Drury wins face-off versus Bryan Little in Avalanche zone.
15:14 of 3rd period - Slapshot by R.J. Umberger.
15:14 of 3rd period - Stopped by Dan Ellis with a rebound.
15:16 of 3rd period - Slapshot by Dustin Byfuglien.
15:16 of 3rd period - Stopped by Dan Ellis with a rebound.
15:40 of 3rd period - Snap shot by Brandon Yip.
15:40 of 3rd period - Stopped by Martin Brodeur with a rebound.
16:04 of 3rd period - T.J. Fast is hit by Andrei Kostitsyn and loses puck.
16:16 of 3rd period - Icing by R.J. Umberger.
16:17 of 3rd period - David Krejci wins face-off versus Chris Drury in Nordiques zone.
16:18 of 3rd period - Wrist shot by Chuck Kobasew.
16:18 of 3rd period - Stopped by Martin Brodeur without a rebound.
16:19 of 3rd period - David Krejci wins face-off versus Chris Drury in Nordiques zone.
16:22 of 3rd period - Slapshot by Ryan Smyth.
16:22 of 3rd period - Stopped by Martin Brodeur with a rebound.
16:34 of 3rd period - Wrist shot by Chuck Kobasew.
16:34 of 3rd period - Stopped by Martin Brodeur without a rebound.
16:35 of 3rd period - Jarret Stoll wins face-off versus Bryan Little in Nordiques zone.
16:35 of 3rd period - Jarret Stoll is hit by Bryan Little.
17:07 of 3rd period - Slapshot by Andrei Kostitsyn.
17:07 of 3rd period - Shot Blocked by R.J. Umberger.
17:09 of 3rd period - Slapshot by Pernell Karl Subban.
17:09 of 3rd period - Shot Blocked by Fedor Tyutin.
17:11 of 3rd period - Snap shot by Paul Stastny.
17:11 of 3rd period - Shot Misses the Net.
17:18 of 3rd period - Icing by Fedor Tyutin.
17:19 of 3rd period - Chris Drury wins face-off versus Mike Comrie in Nordiques zone.
17:44 of 3rd period - Brandon Yip is hit by Jean-Pierre Dumont and loses puck.
17:53 of 3rd period - Slapshot by Jack Johnson.
17:53 of 3rd period - Shot Blocked by Ryan Ellis.
17:55 of 3rd period - Backhand shot by Jack Johnson.
17:55 of 3rd period - Stopped by Martin Brodeur without a rebound.
17:56 of 3rd period - Jarret Stoll wins face-off versus Corey Perry in Nordiques zone.
17:56 of 3rd period - Jarret Stoll is hit by Johnny Boychuk.
18:10 of 3rd period - Wrist shot by Corey Perry.
18:10 of 3rd period - Stopped by Martin Brodeur with a rebound.
18:12 of 3rd period - Slapshot by Johnny Boychuk.
18:12 of 3rd period - Shot Blocked by Niklas Kronwall.
18:24 of 3rd period - Wrist shot by Jean-Pierre Dumont.
18:24 of 3rd period - Shot Blocked by Pernell Karl Subban.
18:30 of 3rd period - Backhand shot by Andrei Kostitsyn.
18:30 of 3rd period - Stopped by Martin Brodeur without a rebound.
18:31 of 3rd period - Bryan Little wins face-off versus Chris Drury in Nordiques zone.
18:54 of 3rd period - Minor Penalty to Jean-Pierre Dumont for Holding.
18:55 of 3rd period - Bryan Little wins face-off versus Pascal Dupuis in Nordiques zone.
Goals for this period are 1 for Avalanche vs 1 for Nordiques.
Shots for this period are 18 for Avalanche vs 11 for Nordiques.
Back to the Top